 Dungeon Crawl Stone Soup version 0.19.0-2-gae57169 (webtiles) character file.

128 Larett the Sneak (level 5, -6/29 HPs)
             Began as an Octopode Artificer on Nov 6, 2016.
             Was a Follower of Hepliaklqana.
             Mangled by an orc
             ... wielding a +0 trident
              (7 damage)
             ... on level 3 of the Dungeon.
             The game lasted 00:05:29 (2563 turns).

Larett the Sneak (Octopode Artificer)               Turns: 2563, Time: 00:05:30

Health: -6/29      AC:  1    Str: 11    XL:     5   Next: 12%
Magic:  8/8        EV: 13    Int: 13    God:    Hepliaklqana [*.....]
Gold:   124        SH:  0    Dex: 14    Spells: 0 memorised, 4 levels left

rFire  . . .     SeeInvis .     a - +0 short sword
rCold  . . .     Gourm    .     (no shield)
rNeg   . . .     Faith    .     (helmet restricted)
rPois  .         Spirit   .     (no amulet)
rElec  .         Reflect  .     (no ring)
rCorr  .         Harm     .     (no ring)
MR     .....                    (no ring)
Stlth  ++++......               (no ring)
                                (no ring)
                                (no ring)
                                (no ring)
                                (no ring)

@: no status effects
A: almost no armour, stealthy swim, amphibious, 8 rings, constrict 8, reduced
essence, camouflage 1, gelatinous body 1
a: Recall Ancestor, Ancestor Identity, Renounce Religion


You were on level 3 of the Dungeon.
You worshipped Hepliaklqana.
Hepliaklqana was aware of your devotion.
You were not hungry.

You visited 1 branch of the dungeon, and saw 3 of its levels.

You collected 124 gold pieces.

Inventory:

Hand Weapons
 a - a +0 short sword (weapon)
Missiles
 h - 64 stones (quivered)
 n - 67 arrows
 q - 54 sling bullets
 t - a throwing net
 v - 23 bolts
Wands
 b - a wand of flame (15/48)
 c - a wand of enslavement (14/24)
 d - a wand of random effects (15/48)
Scrolls
 j - 2 scrolls of fog
 m - a scroll of teleportation {unknown}
 o - a scroll of noise {unknown}
 p - 2 scrolls of remove curse {unknown}
 w - a scroll of recharging {unknown}
Potions
 e - a potion of brilliance
 l - a potion of agility {unknown}
 r - a potion of magic {unknown}
 s - a potion of haste
 u - a potion of lignification {unknown}
Comestibles
 f - 2 bread rations
 g - a royal jelly
 i - 3 meat rations
 k - a chunk of flesh {@w1}


   Skills:
 - Level 1.0 Fighting
 - Level 1.0 Short Blades
 - Level 2.0 Dodging
 - Level 5.3 Stealth
 + Level 4.6 Evocations


You had 4 spell levels left.
You didn't know any spells.

Dungeon Overview and Level Annotations

Branches:
Dungeon (3/15)

Altars:
Ashenzari
Elyvilon
Hepliaklqana
Nemelex Xobeh
Trog
Uskayaw

Annotations:
D:3 Tomas's ghost, amateur DrAs


Innate Abilities, Weirdness & Mutations

You cannot wear most types of armour.
You are very stealthy in the water. (Stealth+)
You are amphibious.
You can wear up to eight rings at the same time.
You can use your tentacles to constrict eight enemies at once.
Your skin changes colour to match your surroundings (Stealth+).
Your rubbery body absorbs attacks. (AC +1, EV +1)
Your life essence is reduced. (-10% HP)


Message History

You kill the orc!
The orc hits you but does no damage.
The gnoll throws a throwing net.
The throwing net hits you.
You become entangled in the net!
A gnoll comes into view. It is wielding a spear.
You struggle against the net.
Tomas's ghost turns its malevolent gaze towards you.
Tomas's ghost whispers, "Trust me.
Just give in."
The orc hits you from afar with a trident.
* * * LOW HITPOINT WARNING * * *
You tear a large gash into the net.
The orc hits you from afar with a trident.
* * * LOW HITPOINT WARNING * * *
You struggle against the net.
The gnoll barely misses you.
The orc hits you from afar with a trident.
* * * LOW HITPOINT WARNING * * *
A gnoll comes into view. It is wielding a spear of freezing.
You shred the net and break free! The gnoll hits you with a flail!
* * * LOW HITPOINT WARNING * * *
The orc hits you from afar with a trident!
You die...

# #.# #g#.#
##.#.# <.#.# ##
g.....##
.o#...### ##
.o..#g.......
.. #.#.#X# ##
...#R# #..#.#
#..#.# # #..#.#
.##.##..#.# #.
..........# #.#
.####..########
#.# #..........
#.#


You could see the friendly Tenoch the ancestor, 3 gnolls and an orc.

Vanquished Creatures
  Natasha (D:3)
  3 adders
  An ooze (D:1)
  4 worms
  2 dart slugs
  2 orcs (D:3)
  4 giant cockroaches
  6 goblins
  6 hobgoblins
  3 jackals (D:1)
  6 bats
  2 frilled lizards
  5 kobolds
  6 rats
51 creatures vanquished.

Vanquished Creatures (collateral kills)
  A worm (D:3)
1 creature vanquished.

Vanquished Creatures (others)
  A giant cockroach (D:3)
1 creature vanquished.

Grand Total: 53 creatures vanquished

Notes
Turn   | Place    | Note
-------+----------+-------------------------------------------
     0 | D:1      | Larett the Octopode Artificer began the quest for the Orb.
     0 | D:1      | Reached XP level 1. HP: 13/13 MP: 3/3
    29 | D:1      | Reached skill level 2 in Stealth
    73 | D:1      | Reached XP level 2. HP: 16/18 MP: 4/4
    84 | D:1      | Reached skill level 3 in Stealth
   270 | D:1      | Reached skill level 4 in Stealth
   508 | D:1      | Reached XP level 3. HP: 23/23 MP: 5/5
   849 | D:2      | Found a hazy altar of Hepliaklqana.
   874 | D:2      | Became a worshipper of Hepliaklqana the Forgotten
  1047 | D:2      | Reached skill level 5 in Stealth
  1434 | D:2      | Reached XP level 4. HP: 12/25 MP: 6/6
  1752 | D:2      | Found a white marble altar of Elyvilon.
  1752 | D:2      | Found a bloodstained altar of Trog.
  1757 | D:2      | Found a sparkling altar of Nemelex Xobeh.
  1760 | D:2      | Found a hide-covered altar of Uskayaw.
  1761 | D:2      | Found a shattered altar of Ashenzari.
  1878 | D:3      | Reached * piety under Hepliaklqana
  1900 | D:3      | Noticed Tomas's ghost (amateur DrAs)
  2329 | D:3      | Reached skill level 4 in Evocations
  2519 | D:3      | Noticed Natasha
  2527 | D:3      | Killed Natasha
  2527 | D:3      | Reached XP level 5. HP: 29/29 MP: 8/8
  2563 | D:3      | HP: 1/29 [gnoll/flail (7)]
  2563 | D:3      | Mangled by an orc

Skill      XL: |  1  2  3  4 |
---------------+-------------+-----
Stealth        | 2 4 5 |  5.3
Evocations     | 4 |  4.6
Fighting       | |  1.0
Short Blades   | |  1.0
Dodging        | |  2.0

Action                   |  1- 3 |  4- 6 || total
-------------------------+-------+-------++-------
Melee: Short sword       |    63 |    36 ||    99
       Tentacles         |     8 |     7 ||    15
       Constrict         |    14 |    11 ||    25
Evoke: Wand              |       |     1 ||     1
  Use: Scroll            |     3 |       ||     3
 Stab: Sleeping          |    16 |     7 ||    23
  Eat: Chunk             |     2 |     2 ||     4
       Beef jerky        |       |     1 ||     1
Armor: Skin              |     4 |     3 ||     7
Dodge: Dodged            |    33 |    15 ||    48
